[Event "*** Titled Tuesday Blitz"]
[Site "Chess.com"]
[Date "2019.08.06"]
[Round "7"]
[White "KhazarBabazada"]
[Black "Winehouse83"]
[Result "1-0"]
[WhiteElo "2828"]
[BlackElo "2623"]
[TimeControl "180+2"]
[EndTime "14:34:07 PDT"]
[Termination "KhazarBabazada won by checkmate"]

1. e4 e5 2. Nf3 Nc6 3. Bb5 a6 4. Ba4 Nf6 5. O-O b5 6. Bb3 Bc5 7. Re1 O-O 8. c3 Be7 9. d4 d6 10. a4 Bb7 11. h3 exd4 12. cxd4 Nb4 13. Nc3 c5 14. d5 Qb6 15. Be3 Rfb8 16. Qd2 Bc8 17.
Rad1 Nd7 18. e5 Qc7 19. Bf4 c4 20. exd6 Bxd6 21. Re8+ Nf8 22. Bxd6 Qxd6 23. Ne4 Qd7 24. Qg5 Qxe8 25. Nf6+ Kh8 26. Nxe8 cxb3 27. Qxg7# 1-0

[Event "*** Titled Tuesday Blitz"]
[Site "Chess.com"]
[Date "2019.08.06"]
[Round "7"]
[White "raviteja81293"]
[Black "adriangschnitzer"]
[Result "0-1"]
[WhiteElo "2595"]
[BlackElo "2573"]
[TimeControl "180+2"]
[EndTime "14:34:18 PDT"]
[Termination "adriangschnitzer won by resignation"]

1. d4 Nf6 2. Nf3 c5 3. d5 b5 4.
Bg5 d6 5. Bxf6 exf6 6. e4 a6 7. a4 b4 8. Bd3 g6 9. O-O Bg7 10. Nbd2 O-O 11. Nc4 a5 12. Re1 Qc7 13. Nh4 Nd7 14.
f4 Nb6 15. Qd2 f5 16. e5 Nxc4 17. Bxc4 dxe5 18. d6 Qd8 19. Nf3 e4 20. Ne5 Ba6 21.
Bxf7+ Rxf7 22. Qd5 Bxe5 23. fxe5 Bb7 24. Qxc5 Rc8 25.
Qd4 Qd7 26. c3 b3 27. c4 Qe6 28. c5 Re8 29. Qc3 Qxe5 30. Qxb3 Qxc5+ 31. Kh1 Qxd6 32. Rad1 Qe6 33. Qb5 e3 34. Rd6 Qe4 0-1

[Event "*** Titled Tuesday Blitz"]
[Site "Chess.com"]
[Date "2019.08.06"]
[Round "7"]
[White "Pakarma"]
[Black "Alopekos"]
[Result "1-0"]
[WhiteElo "2411"]
[BlackElo "2469"]
[TimeControl "180+2"]
[EndTime "14:34:21 PDT"]
[Termination "Pakarma won by resignation"]

1. e4 c5 2. Nf3 e6 3. d4 cxd4 4. Nxd4 Nc6 5. Nc3 Qc7 6. Be3 a6 7. Be2 Nf6 8. O-O Bb4 9. f3 Ne5 10. Nb3 Nc4 11. Bxc4 Qxc4 12. Qd4 Qxd4 13. Bxd4 b5 14.
Rad1 Bb7 15. Be5 Ke7 16. a3 Bxc3 17. bxc3 Rhc8 18. Bd6+ Ke8 19. Nc5 Bc6 20. Rd4 Ra7 21.
Rfd1 Ng8 22. Nd3 f6 23. e5 Ne7 24. Bc5 Nf5 25. Bxa7 1-0

[Event "*** Titled Tuesday Blitz"]
[Site "Chess.com"]
[Date "2019.08.06"]
[Round "7"]
[White "Ravan_02"]
[Black "timator"]
[Result "1-0"]
[WhiteElo "2608"]
[BlackElo "2418"]
[TimeControl "180+2"]
[EndTime "14:34:24 PDT"]
[Termination "Ravan_02 won by resignation"]

1. Nf3 Nf6 2. g3 d5 3. Bg2 e6 4.
O-O Be7 5. d3 O-O 6. Nbd2 c5 7.
e4 Nc6 8. Re1 Qc7 9. e5 Nd7 10.
Qe2 b5 11. Nf1 a5 12. c3 Ba6 13. Bf4 b4 14. h4 a4 15. c4 dxc4 16. dxc4 Na5 17.
Ne3 Rad8 18. h5 Nb6 19. Rac1 b3 20. a3 Nc6 21. h6 g6 22. Ng4 Nd4 23. Nxd4 cxd4 24.
Be4 Bxc4 25. Qd2 Qd7 26. Bg5 Bd5 27. Qf4 Bxe4 28. Nf6+ 1-0

[Event "*** Titled Tuesday Blitz"]
[Site "Chess.com"]
[Date "2019.08.06"]
[Round "7"]
[White "Triumphmate"]
[Black "Komissarov_alex"]
[Result "1-0"]
[WhiteElo "2282"]
[BlackElo "2163"]
[TimeControl "180+2"]
[EndTime "14:34:30 PDT"]
[Termination "Triumphmate won on time"]

1. e4 d5 2. exd5 Nf6 3. Nc3 Nxd5 4. Bc4 e6 5. Qf3 Nc6 6. Nxd5 Ne5 7. Qf4 Bd6 8. Nxc7+ Qxc7 9. Bb5+ Kf8 10. Qe4 f5 11. Qe2 Qxc2 12. Nf3 Ng6 13. d4 Bb4+ 14. Kf1 Qc7 15.
Bd2 Bxd2 16. Qxd2 a6 17. Be2 b6 18. Rc1 Qd6 19. g3 Bb7 20. Kg2 Be4 21. Rhd1 Qd5 22. Qe3 Kf7 23. Bc4 Qd6 24. Kg1 Rhc8 25. Ng5+ 1-0

[Event "*** Titled Tuesday Blitz"]
[Site "Chess.com"]
[Date "2019.08.06"]
[Round "7"]
[White "Blitzking642"]
[Black "Kubas1010"]
[Result "0-1"]
[WhiteElo "2394"]
[BlackElo "2567"]
[TimeControl "180+2"]
[EndTime "14:34:32 PDT"]
[Termination "Kubas1010 won by resignation"]

1. d4 Nf6 2. c4 d6 3. Nf3 Nbd7 4. Nc3 e5 5. e4 g6 6. Be2 Bg7 7. O-O O-O 8. Re1 c6 9. d5 c5 10.
a3 Ne8 11. Rb1 f5 12. Ng5 Ndf6 13. exf5 gxf5 14. f4 e4 15. Be3 h6 16. Nh3 Ng4 17. Bxg4 fxg4 18. Nf2 Nf6 19. b4 b6 20. Qd2 Bf5 21.
Nh1 h5 22. Ng3 Bh7 23. bxc5 bxc5 24. Rf1 h4 25. Nge2 g3 26. h3 Bf5 27. Rb7 Qc8 28.
Rfb1 Bxh3 29. gxh3 Qxh3 30. Nc1 Ng4 31. Rxg7+ Kxg7 32. Rb7+ Kg8 33. Nd1 Rab8 0-1

[Event "*** Titled Tuesday Blitz"]
[Site "Chess.com"]
[Date "2019.08.06"]
[Round "7"]
[White "boasovietica"]
[Black "Me_ch_an"]
[Result "1-0"]
[WhiteElo "2459"]
[BlackElo "2317"]
[TimeControl "180+2"]
[EndTime "14:34:32 PDT"]
[Termination "boasovietica won by resignation"]

1. e4 c5 2. Nf3 Nc6 3. d4 cxd4 4. Nxd4 Qb6 5. Nb3 Nf6 6. Nc3 e6 7. Bd3 a6 8. O-O Be7 9. Kh1 O-O 10. f4 d6 11. Qf3 Re8 12. Bd2 Bf8 13. Rae1 Qc7 14.
Qh3 e5 15. f5 Nb4 16. g4 b5 17. g5 Nd7 18. a3 Nxd3 19. cxd3 Nc5 20. Nd5 Qd8 21.
Na5 Bd7 22. b4 Na4 23. Rg1 Rb8 24. Nf6+ gxf6 25. gxf6+ Kh8 26. Qg4 Bh6 27. Bxh6 Qxf6 28. Bg7+ 1-0

[Event "*** Titled Tuesday Blitz"]
[Site "Chess.com"]
[Date "2019.08.06"]
[Round "7"]
[White "Bladel"]
[Black "Vnebo"]
[Result "1/2-1/2"]
[WhiteElo "2461"]
[BlackElo "2688"]
[TimeControl "180+2"]
[EndTime "14:34:33 PDT"]
[Termination "Game drawn by agreement"]

1. e4 c5 2. Nf3 Nc6 3. Bb5 g6 4. Bxc6 bxc6 5. O-O Bg7 6. c3 e5 7. d4 cxd4 8. cxd4 exd4 9. Nxd4 Ne7 10. Nc3 O-O 11.
Be3 Bb7 12. Qd2 d5 13. exd5 Nxd5 14. Nxd5 Qxd5 15. Rfd1 Rfd8 16. Nf3 Qxd2 17. Rxd2 Rxd2 18. Bxd2 c5 19. Bc3 Bxc3 20. bxc3 Bxf3 21. gxf3 Rd8 22. Re1 Rd3 23. Re3 Rxe3 24. fxe3 f5 25. Kf2 Kf7 26. c4 g5 27. f4 g4 28. Kg3 Kg6 29. Kh4 h6 30. Kg3 Kh5 31. h3 gxh3 32. Kxh3 Kg6 33. Kh4 Kg7 34. Kh5 Kh7 35. Kh4 Kg6 36. Kg3 Kg7 37. Kh3 Kg6 38. Kh4 Kg7 39. Kh5 Kh7 40. Kh4 Kg6 41. Kg3 Kg7 42. a3 Kg6 43. Kh4 Kg7 44. Kh5 Kh7 45. a4 a5 46. Kh4 Kg6 47. Kg3 Kg7 48. Kh3 Kg6 49. Kh4 Kg7 50. Kg3 Kg6 51. Kh3 Kg7 1/2-1/2

[Event "*** Titled Tuesday Blitz"]
[Site "Chess.com"]
[Date "2019.08.06"]
[Round "7"]
[White "Firouzja2003"]
[Black "mishanick"]
[Result "1/2-1/2"]
[WhiteElo "3007"]
[BlackElo "3002"]
[TimeControl "180+2"]
[EndTime "14:34:37 PDT"]
[Termination "Game drawn by agreement"]

1. e4 c5 2. c3 Nf6 3. e5 Nd5 4.
d4 cxd4 5. Nf3 Nc6 6. Bc4 Nb6 7. Bb3 d6 8. exd6 Qxd6 9. O-O e6 10. cxd4 Be7 11. Nc3 O-O 12. Ne4 Qd8 13. Bf4 Nd5 14. Bd2 b6 15. Qe2 Bb7 16. Rfd1 Rc8 17. Rac1 Rc7 18. Neg5 Nxd4 19. Nxd4 Bxg5 20. Rxc7 Nxc7 21. Bb4 Re8 1/2-1/2

[Event "*** Titled Tuesday Blitz"]
[Site "Chess.com"]
[Date "2019.08.06"]
[Round "7"]
[White "GremioPrudente"]
[Black "Giraffe_Chess"]
[Result "1/2-1/2"]
[WhiteElo "2240"]
[BlackElo "2375"]
[TimeControl "180+2"]
[EndTime "14:34:38 PDT"]
[Termination "Game drawn by agreement"]

1. Nf3 Nf6 2. c4 g6 3. g3 Bg7 4. Bg2 O-O 5. O-O b6 6. d4 Bb7 7. Nc3 Ne4 8. Qc2 Nxc3 9. Qxc3 d6 10. Be3 c5 11. Qd2 cxd4 12. Bxd4 Nc6 13. Bxg7 Kxg7 14.
Rfd1 Qc7 15. Rac1 Rac8 16. Nd4 Nxd4 17. Qxd4+ Kg8 18. Bxb7 Qxb7 19. b3 Rc7 20. Qd5 Rfc8 21. Qxb7 Rxb7 22. a4 a6 23. Rd5 b5 24. axb5 axb5 25.
c5 Kf8 26. b4 Ke8 27. Rcd1 dxc5 28. bxc5 Rbc7 29. c6 Rb8 30. Rb1 b4 31. Rd4 b3 32.
Rd3 b2 33. Rd2 Rxc6 34. Rdxb2 Rc1+ 35. Rxc1 Rxb2 36. e3 e6 37. Kg2 Ke7 38. Rc7+ Kf6 39. h4 h5 40. Ra7 Rc2 41. Rb7 Ra2 42. Rc7 Rb2 43. Ra7 Rb5 44. Rc7 Rd5 45. Ra7 e5 46.
Rb7 Ke6 47. Ra7 Rd6 1/2-1/2

[Event "*** Titled Tuesday Blitz"]
[Site "Chess.com"]
[Date "2019.08.06"]
[Round "7"]
[White "StephenDedalus83"]
[Black "Faustregel"]
[Result "1-0"]
[WhiteElo "2798"]
[BlackElo "2520"]
[TimeControl "180+2"]
[EndTime "14:34:39 PDT"]
[Termination "StephenDedalus83 won by checkmate"]

1. e4 c5 2. Nf3 d6 3. d4 cxd4 4.
Nxd4 Nf6 5. Nc3 Nc6 6. Bg5 Bd7 7.
Nb3 Rc8 8. Bxf6 gxf6 9. Qh5 e6 10. Bd3 Be7 11. O-O Qb6 12. Kh1 Nd4 13. f4 Nxb3 14.
axb3 a6 15. f5 Qc5 16. b4 Qe5 17. Ra5 d5 18. exd5 exf5 19. d6 Qxd6 20. Rd5 Qxb4 21. Rxd7 Kxd7 22. Bxf5+ Kc6 23. Qf3+ Kd6 24. Rd1+ Ke5 25.
Rd5# 1-0

[Event "*** Titled Tuesday Blitz"]
[Site "Chess.com"]
[Date "2019.08.06"]
[Round "7"]
[White "ALEXJR20"]
[Black "WeAintSurePal"]
[Result "1-0"]
[WhiteElo "2188"]
[BlackElo "2299"]
[TimeControl "180+2"]
[EndTime "14:34:41 PDT"]
[Termination "ALEXJR20 won by resignation"]

1. c4 e5 2. Nc3 Nc6 3. g3 f5 4. Bg2 Nf6 5. d3 Bb4 6. Bg5 O-O 7. e3 Bxc3+ 8. bxc3 d6 9. Ne2 Qe8 10. Bxf6 Rxf6 11.
c5 Kh8 12. c4 dxc5 13. Nc3 f4 14. Nd5 Rf8 15. Nxc7 Qd8 16. Nxa8 fxe3 17. fxe3 Bf5 18. Bxc6 Qxa8 19. Be4 Bxe4 20. dxe4 b5 21. Qd5 Qc8 22. cxb5 Qc7 23. Ke2 Qc8 24. Rhf1 Qg4+ 25. Kd2 Rc8 26. Qd6 Kg8 27. Rf2 Qxe4 28. Qe6+ 1-0

[Event "*** Titled Tuesday Blitz"]
[Site "Chess.com"]
[Date "2019.08.06"]
[Round "7"]
[White "PIwan"]
[Black "Nakachuk"]
[Result "0-1"]
[WhiteElo "2534"]
[BlackElo "2664"]
[TimeControl "180+2"]
[EndTime "14:34:43 PDT"]
[Termination "Nakachuk won by resignation"]

1. d4 Nf6 2. c4 g6 3. f3 Bg7 4. e4 d6 5. Nc3 O-O 6. Bg5 a6 7. Qd2 Nbd7 8. Nge2 c5 9. d5 b5 10. cxb5 Qa5 11. a4 Nb6 12. Nc1 axb5 13. Bxb5 Ba6 14. Ra3 Nc4 15. Bxc4 Bxc4 16. Nb5 Bxb5 17.
Qxa5 Rxa5 18. axb5 Rxb5 19. b3 Rfb8 20. Ra7 h6 21.
Be3 Kf8 22. Kd2 Ke8 23. Kc2 Nd7 24. Rd1 c4 25. bxc4 Rb2+ 26. Kd3 Ne5+ 0-1

[Event "*** Titled Tuesday Blitz"]
[Site "Chess.com"]
[Date "2019.08.06"]
[Round "7"]
[White "champ2005"]
[Black "BlackBoarder"]
[Result "1-0"]
[WhiteElo "2874"]
[BlackElo "2667"]
[TimeControl "180+2"]
[EndTime "14:34:57 PDT"]
[Termination "champ2005 won by resignation"]

1. e4 e6 2. d4 d5 3. Nc3 Bb4 4. exd5 exd5 5. Bd3 Ne7 6. Nf3 Bf5 7. O-O O-O 8. Ne2 Bxd3 9. Qxd3 Nd7 10. Bf4 c6 11. c3 Ba5 12. Ng3 Bc7 13. Bxc7 Qxc7 14. Rfe1 Nf6 15.
Re2 Rfe8 16. Rae1 Ng6 17. Ne5 Nxe5 18. dxe5 Nd7 19. f4 Nc5 20. Qc2 g6 21. b4 Ne6 22.
f5 Nf4 23. Re3 c5 24. Qf2 d4 25. Rf3 Nd5 26. cxd4 Nxb4 27. Ne4 cxd4 28. Nf6+ Kg7 29. Nxe8+ Rxe8 30. e6 Nc6 31. fxg6 Ne5 32. gxf7 Nxf3+ 33. Qxf3 Rf8 34. e7 Rxf7 35. e8=N+ Kf8 36. Nxc7 Rxf3 37. gxf3 1-0

[Event "*** Titled Tuesday Blitz"]
[Site "Chess.com"]
[Date "2019.08.06"]
[Round "7"]
[White "Jahonas"]
[Black "Keaton87"]
[Result "1-0"]
[WhiteElo "2407"]
[BlackElo "2623"]
[TimeControl "180+2"]
[EndTime "14:34:58 PDT"]
[Termination "Jahonas won by resignation"]

1. d4 d5 2. Nf3 Nf6 3. g3 Bf5 4. Bg2 e6 5. O-O Be7 6. c4 c6 7. Qb3 Qb6 8. c5 Qxb3 9. axb3 a6 10. b4 Nbd7 11. Nc3 Rc8 12. Bf4 O-O 13. Nh4 Bg6 14.
Nxg6 hxg6 15. e3 Nh5 16. Bf3 Nxf4 17. gxf4 g5 18. fxg5 Bxg5 19. Bg2 e5 20. dxe5 Bh6 21. f4 g5 22. Bh3 Rcd8 23. Ne2 d4 24. Nxd4 gxf4 25.
e6 fxe6 26. Nxe6 fxe3 27. Rxf8+ Rxf8 28. Nxf8 Nxf8 29. Bf5 Kf7 30. Kg2 Kf6 31. Bc8 Ng6 32. Bxb7 Ne5 33. Bxa6 Kf5 34. Be2 Ke4 35. Rd1 Bf8 36.
h4 Bh6 37. Rd6 Bf4 38. h5 Nf7 39. Rxc6 Nh6 40. Re6+ Kd5 41. Rf6 Ke5 42. Rxf4 Kxf4 43. c6 Nf5 44. c7 Nh4+ 45. Kf1 1-0

[Event "*** Titled Tuesday Blitz"]
[Site "Chess.com"]
[Date "2019.08.06"]
[Round "7"]
[White "albi1999"]
[Black "Ginzburg_Yakov"]
[Result "1-0"]
[WhiteElo "2493"]
[BlackElo "2496"]
[TimeControl "180+2"]
[EndTime "14:35:03 PDT"]
[Termination "albi1999 won by resignation"]

1. d4 Nf6 2. c4 e6 3. Nf3 c5 4. d5 exd5 5. cxd5 d6 6. Nc3 g6 7. h3 Bg7 8. e4 O-O 9. Bd3 b5 10. Nxb5 Nxe4 11. Bxe4 Qa5+ 12. Nc3 Re8 13. Ng5 f5 14.
O-O fxe4 15. Ncxe4 Qc7 16. Bf4 Bxb2 17. Bxd6 Qg7 18. Rb1 h6 19. Ne6 Bxe6 20. dxe6 Nc6 21.
Nxc5 Bd4 22. Rb7 Qf6 23. Qd2 g5 24. Qd3 Qh8 25. Qg6+ Bg7 26. Ne4 Rf8 27. e7 Rf7 28. e8=Q+ Rxe8 29. Qxf7+ 1-0

[Event "*** Titled Tuesday Blitz"]
[Site "Chess.com"]
[Date "2019.08.06"]
[Round "7"]
[White "BilodeauA"]
[Black "Atakishiyev04"]
[Result "0-1"]
[WhiteElo "2888"]
[BlackElo "2654"]
[TimeControl "180+2"]
[EndTime "14:35:08 PDT"]
[Termination "Atakishiyev04 won by checkmate"]

1. e4 e6 2. d4 d5 3. Nd2 Nf6 4. e5 Nfd7 5. f4 c5 6. c3 Nc6 7. Ndf3 Qb6 8. h4 cxd4 9. cxd4 Bb4+ 10.
Kf2 f6 11. Kg3 O-O 12. Bd3 fxe5 13. dxe5 Nc5 14. Ng5 h6 15. N1f3 hxg5 16. hxg5 Nxd3 17. Qxd3 Ne7 18. Qh7+ Kf7 19. Nh4 Bd7 20. Qh5+ g6 21.
Nxg6 Nxg6 22. Qh7+ Ke8 23. Qxg6+ Kd8 24. Rh7 Rc8 25. Kh2 Qf2 26. Qg7 Bc6 27. g6 d4 28. Kh3 Bxg2+ 29. Kg4 Bf3+ 30. Kg5 Qg3+ 31. Kh6 Qh4# 0-1

[Event "*** Titled Tuesday Blitz"]
[Site "Chess.com"]
[Date "2019.08.06"]
[Round "7"]
[White "Durarbayli"]
[Black "Annawel"]
[Result "0-1"]
[WhiteElo "2807"]
[BlackElo "2996"]
[TimeControl "180+2"]
[EndTime "14:35:09 PDT"]
[Termination "Annawel won by resignation"]

1. e4 c5 2. Nf3 d6 3. d4 cxd4 4. Nxd4 Nf6 5. Nc3 a6 6. a3 e5 7. Nf3 Qc7 8. Bg5 Nbd7 9. Nd2 b5 10. Be2 Be7 11. O-O O-O 12. Kh1 Bb7 13. Bg4 Rfe8 14.
Bxd7 Nxd7 15. Qg4 Bxg5 16. Qxg5 Re6 17. Rad1 h6 18. Qe3 Rf8 19. Nf3 Nb6 20. Nh4 Nc4 21. Qc1 Nxa3 22. Nd5 Qxc2 23. Qe3 Nc4 24. Qf3 Nd2 25.
Qe2 Qxe4 26. Qxd2 Qxh4 27. Nc7 Rg6 28. f3 e4 29. fxe4 Bxe4 30. Rf4 Rxg2 0-1

[Event "*** Titled Tuesday Blitz"]
[Site "Chess.com"]
[Date "2019.08.06"]
[Round "7"]
[White "Schachspielerr"]
[Black "AminMolaei"]
[Result "1-0"]
[WhiteElo "2653"]
[BlackElo "2544"]
[TimeControl "180+2"]
[EndTime "14:35:10 PDT"]
[Termination "Schachspielerr won by resignation"]

1. d4 Nf6 2. c4 e6 3. Nc3 d5 4.
Nf3 Be7 5. Bg5 O-O 6. e3 c6 7. Rc1 h6 8. Bh4 Nbd7 9. Bd3 b6 10. O-O Bb7 11. h3 Rc8 12. cxd5 exd5 13. Bg3 c5 14. dxc5 Nxc5 15. Nd4 Nfe4 16. Bf4 Bf6 17. Bb5 Nxc3 18. Rxc3 Ne4 19. Rxc8 Qxc8 20. Qa4 Rd8 21. Qxa7 g5 22. Bh2 Bxd4 23. exd4 Bc6 24. Rc1 Qf5 25. Bxc6 Qxf2+ 26. Kh1 Qe3 27. Rf1 Nf2+ 28. Rxf2 Qxf2 29. Qc7 Qf6 30. Be5 Qf1+ 31. Kh2 Rf8 32. Bxd5 Qf5 33. Qxb6 Kh7 34. Qb7 Kg8 35. a4 h5 36. a5 g4 37. Be4 Qe6 38. Qc6 gxh3 39. Qxe6 fxe6 40. Kxh3 Rf2 41. a6 1-0

[Event "*** Titled Tuesday Blitz"]
[Site "Chess.com"]
[Date "2019.08.06"]
[Round "7"]
[White "Philosopherrr"]
[Black "pedromartinez91"]
[Result "0-1"]
[WhiteElo "2443"]
[BlackElo "2455"]
[TimeControl "180+2"]
[EndTime "14:35:10 PDT"]
[Termination "pedromartinez91 won by resignation"]

1. e4 d6 2. d4 Nf6 3. Nc3 g6 4. Nf3 Bg7 5. h3 O-O 6. Be2 Nc6 7. d5 Nb8 8. a4 c6 9. a5 a6 10. Be3 Nbd7 11. O-O Ne8 12. Nd4 c5 13. Nb3 Nc7 14.
Nd2 e6 15. Nc4 Ne5 16. Nb6 Rb8 17. f4 Nd7 18. Bc4 exd5 19. Ncxd5 Nxd5 20. Nxd5 Bxb2 21.
c3 Bxa1 22. Qxa1 b5 23. axb6 Nxb6 24. Nxb6 Qxb6 25. f5 Qb2 26. Qe1 Qc2 27. Bh6 Bb7 28. Bxf8 Rxf8 29. fxg6 hxg6 30. Rf4 Kg7 31. Qf1 f6 32. Qe1 Re8 33. Qf1 Rxe4 34. Rxf6 Re1 35. Rf7+ Kh6 0-1

[Event "*** Titled Tuesday Blitz"]
[Site "Chess.com"]
[Date "2019.08.06"]
[Round "7"]
[White "OparinGrigoriy"]
[Black "rst2003"]
[Result "1-0"]
[WhiteElo "2981"]
[BlackElo "2296"]
[TimeControl "180+2"]
[EndTime "14:35:15 PDT"]
[Termination "OparinGrigoriy won by resignation"]

1. g3 Nf6 2. Bg2 g6 3. c4 Bg7 4. Nf3 d5 5. Nc3 O-O 6. cxd5 Nxd5 7. h4 h6 8. d4 Nxc3 9. bxc3 c5 10. O-O Nc6 11.
e3 Be6 12. Re1 Rc8 13. Bb2 cxd4 14. cxd4 Na5 15. e4 Nc4 16. Bc3 Bg4 17. Rc1 e5 18.
d5 Nd6 19. Qd3 Bxf3 20. Bxf3 Rc4 21. h5 g5 22. Bg4 b5 23. Bd2 Rd4 24. Qc2 f5 25.
Bxf5 Nxf5 26. exf5 Qxd5 27. Be3 Rd3 28. Qc7 e4 29. Rc5 Qxa2 30. Rxb5 Qf7 31. Qxf7+ Rxf7 32. g4 Bd4 33. Bxd4 Rxd4 34. Re5 e3 35. f3 Rd2 36. R5xe3 Rb7 37. R1e2 Rxe2 38. Rxe2 a5 39. Ra2 Ra7 40. Kf2 a4 41. Ke3 a3 42. Kd4 Kf7 43.
Kc4 Kf6 44. Kb4 Ke5 45. Rxa3 Rb7+ 46. Kc5 Kf4 47. Kd6 Rb6+ 48. Ke7 Rb7+ 49. Kf6 Rb6+ 50. Kg7 Ke5 51. Re3+ Kd4 52. Re4+ Kd5 53. f6 1-0

[Event "*** Titled Tuesday Blitz"]
[Site "Chess.com"]
[Date "2019.08.06"]
[Round "7"]
[White "Tjktiger"]
[Black "oskariot"]
[Result "1-0"]
[WhiteElo "2827"]
[BlackElo "2675"]
[TimeControl "180+2"]
[EndTime "14:35:18 PDT"]
[Termination "Tjktiger won by resignation"]

1. c4 Nf6 2. Nc3 c5 3. g3 d5 4. cxd5 Nxd5 5. Bg2 Nc7 6. d3 Nc6 7. Be3 e5 8. Bxc6+ bxc6 9. Rc1 Rb8 10. Na4 Ne6 11. Nf3 f6 12. O-O Rb5 13. Nd2 Nd4 14. Ne4 Bh3 15. Re1 h5 16. Naxc5 Bxc5 17. Nxc5 Qd5 18.
Ne4 f5 19. a4 fxe4 20. Bxd4 exd3 21. e4 Qxd4 22. axb5 d2 23. bxc6 dxc1=Q 24. Qxc1 O-O 25. Re3 Rd8 26. c7 Qd1+ 27. Re1 Qxc1 28. cxd8=Q+ 1-0

[Event "*** Titled Tuesday Blitz"]
[Site "Chess.com"]
[Date "2019.08.06"]
[Round "7"]
[White "TijanaBlagojevic"]
[Black "djano"]
[Result "0-1"]
[WhiteElo "2284"]
[BlackElo "2358"]
[TimeControl "180+2"]
[EndTime "14:35:19 PDT"]
[Termination "djano won by resignation"]

1. e4 c5 2. Nf3 Nc6 3. Bb5 e5 4. Bxc6 bxc6 5. O-O d6 6. d3 Nf6 7. Nbd2 Be7 8. c3 O-O 9. Re1 a5 10. d4 cxd4 11. cxd4 exd4 12. Nxd4 Bd7 13. Nc4 Re8 14. Bf4 d5 15. exd5 Nxd5 16. Bg3 Bf6 17. Rxe8+ Qxe8 18. Nd6 Qb8 19. Nxf7 Qxb2 20. Ne5 Be8 21. Rb1 Qxa2 22. Ra1 Qb2 23. Rb1 Nc3 24. Rxb2 Nxd1 25. Rb7 a4 26.
Nexc6 a3 27. Rb1 a2 28. Ra1 Bxc6 0-1

[Event "*** Titled Tuesday Blitz"]
[Site "Chess.com"]
[Date "2019.08.06"]
[Round "7"]
[White "S-Fazulyanov"]
[Black "cancrushyou"]
[Result "0-1"]
[WhiteElo "2444"]
[BlackElo "2512"]
[TimeControl "180+2"]
[EndTime "14:35:23 PDT"]
[Termination "cancrushyou won by resignation"]

1. e4 e6 2. d4 d5 3. e5 c5 4. c3 Nc6 5. Nf3 Bd7 6. a3 c4 7.
Nbd2 Na5 8. g3 Bc6 9. h4 Qd7 10. a4 Ne7 11. Bh3 h6 12. O-O O-O-O 13. Ne1 Nf5 14.
Ng2 Be7 15. Bxf5 exf5 16. h5 g5 17. Qf3 Rhg8 18. Kh2 f4 19. gxf4 g4 20. Qg3 Qf5 21. Ne3 Qxh5+ 22. Kg2 Bh4 23. Qh2 g3 24. fxg3 Rxg3+ 25.
Kh1 Rxe3 26. Nxc4 Nxc4 27. Bxe3 Nxe3 28. Rf2 Ng4 29. Qh3 Bd7 30. Kg2 Nxf2 31. Qf3 Rg8+ 0-1

[Event "*** Titled Tuesday Blitz"]
[Site "Chess.com"]
[Date "2019.08.06"]
[Round "7"]
[White "EugeneRougon"]
[Black "FredddieCroderg"]
[Result "1-0"]
[WhiteElo "2637"]
[BlackElo "2158"]
[TimeControl "180+2"]
[EndTime "14:35:30 PDT"]
[Termination "EugeneRougon won by resignation"]

1. e4 c6 2. d4 d5 3. Nc3 dxe4 4. Nxe4 Nf6 5. Nxf6+ exf6 6. c3 Bd6 7. Bd3 Qc7 8.
Qc2 Be6 9. Ne2 Nd7 10. Be3 O-O-O 11. O-O-O Rhe8 12. Kb1 g6 13. Bc4 Nb6 14. Bxe6+ fxe6 15. h4 Nc4 16. Bc1 f5 17. h5 Qb6 18. Qb3 Qxb3 19.
axb3 Na5 20. Kc2 e5 21. Bg5 Be7 22. Bxe7 Rxe7 23. hxg6 hxg6 24. dxe5 Rxd1 25. Rxd1 Rxe5 26. Nd4 c5 27. Nf3 Re2+ 28. Rd2 Rxd2+ 29. Nxd2 Kd7 30. f4 b6 31. Nf3 Ke6 32. Ne5 g5 33. g3 Nb7 34.
Nc6 g4 35. Nxa7 Nd6 36. c4 Kd7 37. Nb5 Ne4 38. Nc3 Nf2 39. Nd5 Kc6 40. Ne7+ Kd7 41. Nxf5 Ne4 42. Kd3 Nf2+ 43. Ke2 Ne4 44. Ke3 Nf6 45. Kd3 Nh5 46. Ke4 Nf6+ 47. Ke5 Nh5 48. Ne3 Nxg3 49. Nxg4 Nh5 50. Nf6+ Nxf6 51. Kxf6 1-0

[Event "*** Titled Tuesday Blitz"]
[Site "Chess.com"]
[Date "2019.08.06"]
[Round "7"]
[White "biostatistician"]
[Black "resha1988"]
[Result "0-1"]
[WhiteElo "2546"]
[BlackElo "2778"]
[TimeControl "180+2"]
[EndTime "14:35:32 PDT"]
[Termination "resha1988 won on time"]

1. d4 Nf6 2. Nf3 d5 3. c4 c6 4. cxd5 cxd5 5. Nc3 Nc6 6. Bf4 a6 7. Rc1 Bf5 8. e3 Rc8 9. Bd3 Bxd3 10. Qxd3 e6 11. O-O Be7 12. Na4 Ne4 13. Nc5 Bxc5 14. dxc5 Qa5 15. Qa3 Qxa3 16. bxa3 Na5 17. Bd6 f6 18. Nd4 Kd7 19. Rb1 Nd2 20. Rb6 Ndc4 21. Rb4 b6 0-1

[Event "*** Titled Tuesday Blitz"]
[Site "Chess.com"]
[Date "2019.08.06"]
[Round "7"]
[White "edgarrodrigues"]
[Black "ahachess"]
[Result "1-0"]
[WhiteElo "2406"]
[BlackElo "2284"]
[TimeControl "180+2"]
[EndTime "14:35:38 PDT"]
[Termination "edgarrodrigues won by checkmate"]

1. e4 c5 2. Nf3 d6 3. d4 cxd4 4. Nxd4 Nf6 5. Nc3 g6 6. Be3 Bg7 7. f3 O-O 8. Qd2 Nc6 9. Bc4 Bd7 10. O-O-O Rc8 11. Bb3 Ne5 12. h4 h5 13. Bg5 Rc5 14.
g4 hxg4 15. f4 Rxc3 16. Bxf6 Nd3+ 17. Kb1 Rxb3 18. Nxb3 Bxf6 19. Qxd3 Be6 20. Nd4 Qb6 21. h5 g5 22. fxg5 Bxg5 23. h6 Kh8 24. Rhf1 Rc8 25.
Nxe6 fxe6 26. e5 dxe5 27. Qg6 Rg8 28. Rf8 Rxf8 29. Qg7# 1-0

[Event "*** Titled Tuesday Blitz"]
[Site "Chess.com"]
[Date "2019.08.06"]
[Round "7"]
[White "Morscas"]
[Black "HanSchut"]
[Result "1-0"]
[WhiteElo "2188"]
[BlackElo "2194"]
[TimeControl "180+2"]
[EndTime "14:35:41 PDT"]
[Termination "Morscas won by checkmate"]

1. c4 Nf6 2. g3 c5 3. Bg2 d5 4. cxd5 Nxd5 5. Nc3 Nc7 6. Nf3 Nc6 7. a3 e5 8. b4 cxb4 9. axb4 b5 10. Ng1 Bd7 11.
Nd5 Rb8 12. Qb3 Bd6 13. Nxc7+ Qxc7 14. Nf3 O-O 15. O-O e4 16. Ng5 Nd4 17. Qd5 Nxe2+ 18. Kh1 Bc6 19. Qf5 g6 20. Qh3 f5 21. Ne6 Qb7 22.
Nxf8 Rxf8 23. Bb2 Bxb4 24. Rfe1 Bxd2 25. Rxe2 Bb4 26. Bd4 a5 27. Rc2 Bd5 28. Rac1 Bc4 29. Rxc4 bxc4 30. Bf1 c3 31. Bc4+ Rf7 32. Qh6 Bf8 33.
Qf4 Qb4 34. Qe5 Qxc4 35. Qh8# 1-0

[Event "*** Titled Tuesday Blitz"]
[Site "Chess.com"]
[Date "2019.08.06"]
[Round "7"]
[White "jposthuma"]
[Black "Walter_White_Poland"]
[Result "1-0"]
[WhiteElo "2430"]
[BlackElo "2315"]
[TimeControl "180+2"]
[EndTime "14:35:47 PDT"]
[Termination "jposthuma won by resignation"]

1. d4 d5 2. c4 e6 3. Nf3 Nf6 4. g3 Be7 5. Bg2 O-O 6. O-O dxc4 7. Qc2 a6 8. Qxc4 b5 9. Qc2 Bb7 10. Bf4 Nc6 11. Rd1 Rc8 12. a3 Na5 13. b4 Nc4 14. Nbd2 Nxd2 15. Qxd2 h6 16. Rac1 Bd5 17. Ne5 Bxg2 18.
Kxg2 Qd5+ 19. f3 a5 20. Nc6 Rfe8 21. Nxa5 Bd6 22. e4 Qh5 23. e5 Nd5 24. exd6 cxd6 25. Bxd6 1-0

[Event "*** Titled Tuesday Blitz"]
[Site "Chess.com"]
[Date "2019.08.06"]
[Round "7"]
[White "MarianPetrov"]
[Black "I-Mesquita"]
[Result "1-0"]
[WhiteElo "2574"]
[BlackElo "2686"]
[TimeControl "180+2"]
[EndTime "14:35:49 PDT"]
[Termination "MarianPetrov won by checkmate"]

1. e4 e5 2. Nc3 Nf6 3. g3 Nc6 4. Bg2 Bc5 5. Nge2 d6 6. O-O a6 7. h3 h5 8. d3 h4 9. g4 Nxg4 10. hxg4 Bxg4 11. Kh2 h3 12. Bh1 Nd4 13. f3 Be6 14.
Nxd4 Bxd4 15. Qe1 Qf6 16. Be3 c5 17. Bxd4 cxd4 18. Ne2 Rc8 19. c3 dxc3 20. bxc3 d5 21. f4 d4 22. c4 b5 23. Qg3 bxc4 24. fxe5 Qd8 25. Qxg7 Rf8 26. Nf4 cxd3 27. Nxe6 Rc2+ 28. Kxh3 Rh2+ 29. Kxh2 Qh4+ 30. Kg1 Rh8 31. Qxf7# 1-0